 Dungeon Crawl Stone Soup version 0.29-a0-270-g1586fc07ea (webtiles) character file.

Game seed: 13951193093658226942

4305 bande the Cleaver (level 10, -9/60 HPs)
             Began as a Gargoyle Fighter on Mar 7, 2022.
             Was an Elder of Okawaru.
             Killed from afar by a steam dragon (18 damage)
             ... with a ball of steam
             ... on level 9 of the Dungeon.
             The game lasted 00:18:08 (9201 turns).

bande the Cleaver (Gargoyle Fighter)                Turns: 9201, Time: 00:18:08

Health: -9/60      AC: 25    Str: 20    XL:     10   Next: 32%
Magic:  13/13      EV:  8    Int:  9    God:    Okawaru [****..]
Gold:   347        SH: 12    Dex: 22    Spells: 9/9 levels left

rFire   . . .      SeeInvis .   x - +4 broad axe of Dismemberment {flame, Dex+3}
rCold   + . .      Faith    .   l - +0 kite shield
rNeg    + + .      Spirit   .   E - +7 Kryia's mail coat {PotionHeal*2 rC+}
rPois   ∞          Reflect  .   r - +0 helmet
rElec   +          Harm     .   (no cloak)
rCorr   .          Rampage  .   u - +1 Delatra's gloves {ID++}
Will    .....                   (no boots)
Stlth   ..........              A - amulet of Day {Regen+ Dex+6}
HPRegen 1.00/turn               G - ring of positive energy
MPRegen 0.13/turn               (no ring)

@: no status effects
A: sickness immunity, AC +7, negative energy resistance 1, electricity
resistance, torment resistance 1, petrification resistance
a: Renounce Religion, Heroism, Finesse


You were on level 9 of the Dungeon.
You worshipped Okawaru.
Okawaru was greatly pleased with you.
You visited 2 branches of the dungeon, and saw 10 of its levels.

You collected 347 gold pieces.

Inventory:

Hand Weapons
 a - a +1 war axe
 x - the +4 broad axe of Dismemberment (weapon) {flame, Dex+3}
   (You found it on level 6 of the Dungeon)

   It burns those it strikes, dealing additional fire damage.
   Big, fiery blades are also staple armaments of hydra-hunters.
   Dex:       It affects your dexterity (+3).
Armour
 l - a +0 kite shield (worn)
 r - a +0 helmet (worn)
 u - the +1 Delatra's gloves (worn) {ID++}
   (You found it on level 3 of the Dungeon)

   It heals its wearer when they drink unknown potions.
   It restores its wearer's MP when they read unknown scrolls.
 D - a +0 scale mail of cold resistance
 E - the +7 Kryia's mail coat (worn) {PotionHeal*2 rC+}
   (You found it on level 4 of the Dungeon)

   Potions are twice as effective at healing its wearer.
   rC:        It protects you from cold.
Jewellery
 n - a ring of wizardry
 s - a ring of wizardry
 A - the amulet of Day (around neck) {Regen+ Dex+6}
   (You found it on level 4 of the Dungeon)

   [amulet of regeneration]

   Dex:       It affects your dexterity (+6).
   Regen:     It increases your rate of health regeneration.
 B - an amulet of magic regeneration
 G - a ring of positive energy (left hand)
 I - an amulet of regeneration
Wands
 g - a wand of acid (7)
 y - a wand of paralysis (13)
 F - a wand of iceblast (5)
Scrolls
 e - 2 scrolls of holy word
 k - 3 scrolls of fog
 m - 2 scrolls of teleportation
 p - 2 scrolls of amnesia
 H - a scroll of blinking {unknown}
Potions
 b - 4 potions of ambrosia
 c - a potion of cancellation
 d - a potion of might
 f - a potion of resistance
 h - 3 potions of heal wounds
 i - a potion of magic
 j - 2 potions of mutation
 o - 2 potions of brilliance
 q - 3 potions of flight
 t - 2 potions of haste
 v - a potion of berserk rage {unknown}
 w - a potion of degeneration {unknown}
 z - a potion of attraction {unknown}
 C - 2 potions of curing {unknown}


   Skills:
 + Level 6.1 Fighting
 + Level 8.5 Axes
 + Level 7.0 Armour
 + Level 6.7 Shields
 * Level 5.2 Invocations
 * Level 4.4 Evocations


You had 9 spell levels left.
You didn't know any spells.
Your spell library contained the following spells:

 Spells                   Type           Power      Damage    Failure   Level
 Ignite Poison            Fire/Tmut/Pois 0%         N/A       100%        3
 Mephitic Cloud           Conj/Pois/Air  0%         N/A       100%        3
 Stone Arrow              Conj/Erth      0%         3d7       100%        3
 Blade Hands              Tmut           0%         N/A       100%        5
 Freezing Cloud           Conj/Ice/Air   0%         6-21      100%        5
 Irradiate                Conj/Tmut      0%         3d13      100%        5
 Dragon Form              Tmut           0%         N/A       100%        7
 Storm Form               Tmut/Air       0%         N/A       100%        7
 Lehudib's Crystal Spear  Conj/Erth      0%         10d2      100%        8
 Maxwell's Capacitive Co  Air            0%         ∞         100%        8
 Animate Armour           Summ/Erth      Unusable   N/A       N/A         4
 Summon Lightning Spire   Summ/Air       Unusable   N/A       N/A         4

Dungeon Overview and Level Annotations

Branches:
Dungeon (9/15)             Temple (1/1) D:4
   Lair: D:8-11         Orc: D:9-12

Altars:
Ashenzari
Cheibriados
Dithmenos
Elyvilon
Fedhas
Gozag
Hepliaklqana
Kikubaaqudgha
Nemelex Xobeh
Okawaru
Qazlal
Ru
Sif Muna
Trog
Uskayaw
Vehumet
Wu Jian
Xom
Yredelemnul
The Shining One

Shops:
D:4 !([?

Annotations:
D:9 4 runed translucent doors


Innate Abilities, Weirdness & Mutations

You are immune to sickness and miasma.
Your stone body is resilient. (AC +7)
You are immune to poison.
You resist negative energy. (rN+)
You are resistant to electric shocks. (rElec)
You are resistant to unholy torment.
You are immune to petrification.


Message History

HP restored.
You see here a +0 dagger.
You see here a killer bee corpse.
The wizard howls an incantation.
The wizard's hands start to glow.
Items here: )) [ ††.
Found a phial of floods.
Things that are here:
a +0 dagger; a +0 robe; an orc corpse
Found a chain mail.
You see here a +0 chain mail.
As you open the door, it creaks loudly!
A steam dragon comes into view.
The steam dragon hisses angrily.
You hear an angry hiss.
A two-headed ogre comes into view.
It is wielding a +0 giant spiked club and a +0 giant club.
You hear an angry buzzing noise.
A shadow comes into view.
There is an open door here.
You slash the two-headed ogre! You burn the two-headed ogre.
The two-headed ogre is moderately wounded.
You hit the two-headed ogre. You burn the two-headed ogre.
The two-headed ogre is moderately wounded.
You slash the steam dragon! You burn the steam dragon.
The steam dragon bites you. You block the steam dragon's attack.
The two-headed ogre hits you with a +0 giant spiked club!!
Ouch! That really hurt!
You block the two-headed ogre's attack.
You hit the two-headed ogre. You burn the two-headed ogre.
The two-headed ogre is heavily wounded.
You hit the steam dragon. You burn the steam dragon.
The shadow slips into darkness.
The shadow flickers and vanishes!
Deactivating autopickup; reactivate with Ctrl-A.
You block the steam dragon's attack. The steam dragon barely misses you.
The two-headed ogre hits you with a +0 giant spiked club!
* * * LOW HITPOINT WARNING * * *
The two-headed ogre barely misses you. The steam dragon breathes steam at you.
The ball of steam hits you!!
You die...

###....#........
..#......##++##.
.<'.....##8..8#
#+#.....#8....8#
......†.#[....?#
.....)†.#$....}#
....)†))#8....8#
........##8pR8#####
......#..##++##.@O#
......+.........#D.#
......#.........#{##
......##..##....##.
...###########...######.
...# ###[....... ...#
#######..


You could see a two-headed ogre and a steam dragon (catching breath).

Vanquished Creatures
  Erica (D:8)
  A wyvern (D:8)
  The ghost of sammy202020 the Skirmisher, an amateur DsBe of Trog (D:3)
  2 steam dragons (D:8)
  Edmund (D:4)
  2 water moccasins (D:7)
  An orc warrior (D:7)
  An ice beast (D:7)
  3 black bears
  2 centaurs
  2 ogres
  2 phantoms
  A kobold brigand (D:6)
  2 bullfrogs
  A gnoll sergeant (D:4)
  A necrophage (D:5)
  5 scorpions
  4 wights (D:8)
  5 killer bees (D:9)
  4 howler monkeys
  3 hounds
  An orc priest (D:3)
  Jessica (D:2)
  4 iguanas
  7 orc wizards
  Robin (D:3)
  9 adders
  5 gnolls
  3 white imps
  An ufetubus (D:4)
  3 worms
  2 dart slugs
  21 orcs
  7 ball pythons
  2 bats
  5 endoplasms
  20 giant cockroaches
  15 goblins
  10 hobgoblins
  2 jackals (D:2)
  5 quokkas
  3 frilled lizards
  22 kobolds
  5 rats
199 creatures vanquished.

Vanquished Creatures (others)
  A plant (D:2)
1 creature vanquished.

Grand Total: 200 creatures vanquished

Notes
Turn   | Place    | Note
-------+----------+-------------------------------------------
     0 | D:1      | bande the Gargoyle Fighter began the quest for the Orb.
     0 | D:1      | Reached XP level 1. HP: 14/14 MP: 1/1
   166 | D:1      | Reached XP level 2. HP: 19/19 MP: 2/2
   247 | D:1      | Reached skill level 2 in Axes
   396 | D:1      | Reached XP level 3. HP: 23/24 MP: 3/3
  1368 | D:2      | Reached XP level 4. HP: 26/29 MP: 4/4
  1872 | D:2      | Found a sparkling altar of Nemelex Xobeh.
  1934 | D:2      | Noticed Jessica
  1935 | D:2      | Reached skill level 3 in Axes
  1946 | D:2      | Killed Jessica
  1947 | D:2      | Reached XP level 5. HP: 21/33 MP: 5/5
  2508 | D:3      | Noticed Robin
  2516 | D:3      | Killed Robin
  2832 | D:3      | Found the +1 Delatra's gloves {ID++}
  2843 | D:3      | Reached XP level 6. HP: 8/38 MP: 6/6
  3464 | D:3      | Found a faded altar of an unknown god.
  3606 | D:4      | Identified the amulet of Day {Regen+ Dex+6}
  3637 | D:4      | Found Itsot's Armour Emporium.
  3672 | D:4      | Noticed a black bear
  3678 | D:4      | Killed a black bear
  3679 | D:4      | Reached skill level 4 in Axes
  3734 | D:4      | Noticed Edmund
  3745 | D:4      | Killed Edmund
  3746 | D:4      | Reached skill level 5 in Armour
  3746 | D:4      | Reached XP level 7. HP: 24/43 MP: 7/7
  4097 | D:4      | Reached skill level 5 in Axes
  4123 | D:4      | Found a runed translucent gate.
  4124 | D:4      | Found a runed translucent gate.
  4126 | D:4      | Found an opulent altar of Gozag.
  4172 | D:4      | Found Cixkiq's Magic Scroll Boutique.
  4221 | D:4      | Found Ximision's Antique Weapon Emporium.
  4247 | D:4      | Identified the +5 dagger of Nemelex Xobeh's Anger {vorpal,
                  | rPois rC- Dex+6}
  4521 | D:4      | Found Apreuck's Distillery.
  4563 | D:4      | Found a white marble altar of Elyvilon.
  4589 | D:4      | Found a staircase to the Ecumenical Temple.
  4640 | Temple   | Entered the Ecumenical Temple
  4703 | Temple   | Became a worshipper of Warmaster Okawaru
  4796 | D:4      | Found a runed translucent gate.
  4798 | D:4      | Noticed sammy202020's ghost (amateur DsBe)
  4902 | D:4      | Found the +7 Kryia's mail coat {PotionHeal*2 rC+}
  5291 | D:3      | HP: 2/44 [sammy202020's ghost (17)]
  5299 | D:3      | Killed sammy202020's ghost
  5300 | D:3      | Reached skill level 5 in Shields
  5300 | D:3      | Reached skill level 1 in Invocations
  5300 | D:3      | Reached skill level 1 in Evocations
  5300 | D:3      | Reached XP level 8. HP: 29/48 MP: 8/8
  5791 | D:5      | Entered Level 5 of the Dungeon
  5868 | D:5      | Reached * piety under Okawaru
  6271 | D:5      | Reached skill level 6 in Axes
  6648 | D:5      | Reached skill level 5 in Fighting
  7455 | D:6      | Reached ** piety under Okawaru
  7456 | D:6      | Reached XP level 9. HP: 54/54 MP: 11/11
  7456 | D:6      | Identified the +4 broad axe of Dismemberment {flame, Dex+3}
  8128 | D:7      | Reached skill level 7 in Axes
  8356 | D:7      | Found an ornate altar of the Wu Jian Council.
  8631 | D:8      | Reached *** piety under Okawaru
  8788 | D:8      | Noticed Erica
  8803 | D:8      | Killed Erica
  8804 | D:8      | Reached skill level 8 in Axes
  8804 | D:8      | Reached skill level 5 in Invocations
  8804 | D:8      | Reached XP level 10. HP: 50/60 MP: 13/13
  8987 | D:8      | Reached **** piety under Okawaru
  9115 | D:9      | Found a large runed translucent door.
  9115 | D:9      | Found a large runed translucent door.
  9127 | D:9      | Found a large runed translucent door.
  9127 | D:9      | Noticed a wizard
  9179 | D:9      | Found a large runed translucent door.
  9197 | D:9      | Noticed a two-headed ogre
  9201 | D:9      | Killed from afar by a steam dragon

Illustrated notes

Levels and vault maps discovered:
D:1:      kennysheep_arrival_forest, layout_loops_corners, serial_rivers,
          chequers_serial_rivers_small_3, chequers_serial_rivers_large_b,
          chequers_serial_rivers_small_b, chequers_serial_rivers_room_a,
          chequers_serial_rivers_small_b
D:2:      minmay_roachtagon, layout_basic, serial_forest,
          infiniplex_forest_clump_C, infiniplex_forest_corner_2,
          infiniplex_forest_clump_small, infiniplex_forest_lined_corner,
          infiniplex_forest_zigzag_1, basic_altar, uniq_jessica
D:3:      layout_basic, basic_ecumenical_altar, ebering_dispersal_statue_hall,
          pf_guarded_unrand_delatra, uniq_robin
D:4:      minmay_thick_lines, layout_basic, mainiacjoe_overflow_alcove_1,
          temple_green, ebering_ghost_gozag, serial_shops, kennysheep_mini,
          shop, nicolae_lakefront_shop, nicolae_take_the_stairs, uniq_edmund
D:5:      layout_layer_cave
D:6:      layout_cave_pods
D:7:      minmay_spotlight, layout_basic, mainiacjoe_overflow_cross_hatched
D:8:      layout_rooms, uniq_erica
D:9:      layout_gridville, zin_treasury, enter_bailey_4, serial_shops,
          nicolae_shop_crystal, dk_noncrumbling_4, nrook_uturn, minivault_22,
          minmay_hollow_rounded_squares
Temple:   compressed_dpeg_circular_temple

Skill      XL: |  1  2  3  4  5  6  7  8  9 10 |
---------------+-------------------------------+-----
Axes           | 2 3 4 5 6 8 |  8.5
Armour         | 4 5 6 7 |  7.0
Fighting       | 4 5 6 |  6.1
Shields        | 4 5 6 |  6.7
Invocations    | 1 3 5 |  5.2
Evocations     | 1 2 4 |  4.4

Action                   |  1- 3 |  4- 6 |  7- 9 | 10-12 || total
-------------------------+-------+-------+-------+-------++-------
Melee: War axe           |    74 |   217 |   214 |       ||   505
       Broad axe         |       |       |    88 |    32 ||   120
  Use: Potion            |       |       |     2 |       ||     2
       Scroll            |       |       |    17 |     1 ||    18
Armor: Scale mail        |    51 |   128 |   174 |    37 ||   390
Dodge: Dodged            |    38 |    73 |   113 |    19 ||   243
Block: Buckler           |    29 |       |       |       ||    29
       Kite shield       |       |   112 |   190 |    38 ||   340

Table legend: (Time is in decaauts)
 A = Elapsed time spent in this place.
 B = Non-inter-level travel time spent in this place.
 C = Inter-level travel time spent in this place.
 D = Time resting spent in this place.
 E = Time spent auto-exploring this place.
 F = Levels seen in this place.
 G = Mean time per level.
                   A        B        C        D        E       F      G
               +--------+--------+--------+--------+--------+-----+--------+
         Total |   9511 |   9383 |    128 |   1666 |   5764 |  10 |  951.1 |
       Dungeon |   9392 |   9264 |    128 |   1666 |   5678 |   9 | 1043.6 |
        Temple |    118 |    118 |      0 |      0 |     86 |   1 |  118.0 |
               +--------+--------+--------+--------+--------+-----+--------+

Top non-repeatable levels by time:
     D:3: 1917 daAuts
     D:5: 1483 daAuts
     D:4: 1433 daAuts
     D:1: 1332 daAuts
     D:2: 1223 daAuts
     D:6: 814 daAuts
     D:8: 568 daAuts
     D:7: 522 daAuts
  Temple: 118 daAuts
     D:9: 97 daAuts
